 Dungeon Crawl Stone Soup version 0.20.2-3-g29329e0561 (webtiles) character file.

660 Alfie the Covered (level 7, 0/61 HPs)
             Began as a Minotaur Fighter on Feb 17, 2021.
             Killed by divine providence
             ... invoked by an orc priest
              (13 damage)
             ... on level 5 of the Dungeon.
             The game lasted 00:07:04 (2897 turns).

Alfie the Covered (Minotaur Fighter)                Turns: 2897, Time: 00:07:05

Health: 0/61       AC:  8    Str: 26    XL:     7   Next: 30%
Magic:  6/6        EV:  9    Int: 10    God:
Gold:   165        SH: 10    Dex:  9    Spells: 6/6 levels left

rFire    + . .     SeeInvis .   a - +0 long sword
rCold    + . .     Gourm    .   c - +0 shield
rNeg     . . .     Faith    .   b - +1 scale mail
rPois    +         Spirit   .   (helmet restricted)
rElec    +         Reflect  .   (no cloak)
rCorr    +         Harm     .   (no gloves)
MR       .....                  (no boots)
Stlth    ..........             (no amulet)
Regen    0.2/turn               j - +3 ring of strength
MPRegen  0.1/turn               (no ring)

@: brilliant, resistant, flying
A: retaliatory headbutt, horns 2
a: no special abilities


You were on level 5 of the Dungeon.
You were not hungry.

You visited 1 branch of the dungeon, and saw 5 of its levels.

You collected 165 gold pieces.

Inventory:

Hand Weapons
 a - a +0 long sword (weapon)
Armour
 b - a +1 scale mail (worn)
 c - a +0 shield (worn)
Jewellery
 g - an uncursed ring of ice
 j - a +3 ring of strength (left hand)
 k - an uncursed amulet of rage
 m - an uncursed amulet of guardian spirit {unknown}
 s - a cursed -2 ring of dexterity {unknown}
 w - an uncursed amulet of harm {unknown}
Scrolls
 i - 5 scrolls of teleportation
 n - a scroll of amnesia
 q - a scroll of fog {unknown}
 r - 2 scrolls of remove curse
 u - 2 scrolls of blinking
 v - a scroll of enchant weapon {unknown}
Potions
 d - a potion of might
 e - 4 potions of haste
 t - a potion of brilliance
Comestibles
 f - 4 bread rations
 h - a fruit
 o - 2 royal jellies


   Skills:
 + Level 5.4 Fighting
 + Level 5.7 Long Blades
 + Level 5.9 Armour
 + Level 2.2 Dodging
 + Level 0.3 Stealth
 + Level 5.2 Shields


You had 6 spell levels left.
You didn't know any spells.

Dungeon Overview and Level Annotations

Branches:
Dungeon (5/15)
 Temple: D:4-7

Altars:
Gozag
Makhleb
Nemelex Xobeh
Okawaru
Sif Muna
Xom
Zin


Innate Abilities, Weirdness & Mutations

You reflexively headbutt those who attack you in melee.
You have a pair of horns on your head.


Message History

Beogh smites you!
* * * LOW HITPOINT WARNING * * *
You block the orc's attack.
You closely miss the orc. You block the orc's attack.
It was a potion of flight.
You feel very buoyant.
You fly up into the air.
The orc priest looks braver for a moment.
The orc hits you but does no damage.
It was a potion of resistance.
You feel protected. You block the orc's attack.
It was a potion of curing.
You feel better.
You barely miss the orc. Your headbutt misses the orc.
The orc hits you but does no damage. The orc hits you with a club.
* * * LOW HITPOINT WARNING * * *
You hit the orc but do no damage. You headbutt the orc, but do no damage.
The orc priest mumbles some strange prayers to Beogh against you.
Beogh smites you!
You die...

######...## #.#
#..... ......<...#
#.# ####.#
+..........# #.#
.... #..........#
#.##########
#..........#
#...........
#..........#
############ .
#..........# ..
#.........o#####
..###........ooo@..#
.............oo#####
.............o.#
...............#
......(.(......#
........(.######
..........#
..........#
..........#


You could see 2 orc priests and 5 orcs.

Vanquished Creatures
  Grinder (D:4)
  An ogre (D:5)
  5 crimson imps (D:4)
  A hound (D:4)
  2 iguanas (D:4)
  A worker ant (D:3)
  4 adders
  2 oozes
  2 dart slugs
  A leopard gecko (D:1)
  8 orcs
  A ball python (D:2)
  4 giant cockroaches
  4 goblins
  7 hobgoblins
  2 quokkas
  A ball python skeleton (D:4)
  6 bats
  A frilled lizard (D:4)
  5 kobolds
  4 rats
63 creatures vanquished.

Notes
Turn   | Place    | Note
-------+----------+-------------------------------------------
     0 | D:1      | Alfie the Minotaur Fighter began the quest for the Orb.
     0 | D:1      | Reached XP level 1. HP: 19/19 MP: 0/0
   340 | D:1      | Reached XP level 2. HP: 21/27 MP: 1/1
   670 | D:2      | Reached XP level 3. HP: 22/33 MP: 2/2
   740 | D:2      | Found an iron altar of Okawaru.
   961 | D:2      | Found a glowing silver altar of Zin.
   962 | D:2      | Found an opulent altar of Gozag.
  1460 | D:3      | Reached XP level 4. HP: 39/40 MP: 3/3
  2099 | D:4      | Reached skill level 5 in Armour
  2135 | D:4      | Noticed Grinder
  2144 | D:4      | Reached XP level 5. HP: 38/47 MP: 4/4
  2151 | D:4      | Paralysed by Grinder for 6 turns
  2160 | D:4      | Killed Grinder
  2160 | D:4      | Reached skill level 1 in Dodging
  2160 | D:4      | Reached XP level 6. HP: 12/55 MP: 5/5
  2221 | D:4      | Reached skill level 5 in Shields
  2240 | D:4      | Found a shimmering altar of Xom.
  2259 | D:4      | Reached skill level 5 in Fighting
  2269 | D:4      | Reached skill level 5 in Long Blades
  2333 | D:4      | Found a shimmering altar of Xom.
  2334 | D:4      | Found a deep blue altar of Sif Muna.
  2334 | D:4      | Found a burning altar of Makhleb.
  2334 | D:4      | Found a sparkling altar of Nemelex Xobeh.
  2513 | D:4      | Reached XP level 7. HP: 61/61 MP: 6/6
  2583 | D:4      | Paralysed by a crimson imp for 3 turns
  2711 | D:5      | Entered Level 5 of the Dungeon
  2897 | D:5      | Killed from afar by an orc priest

Skill      XL: |  1  2  3  4  5  6 |
---------------+-------------------+-----
Armour         | 4 5 |  5.9
Fighting       | 4 5 |  5.4
Shields        | 4 5 |  5.2
Long Blades    | 3 4 5 |  5.7
Dodging        | 1 2 |  2.2
Stealth        | |  0.3

Action                   |  1- 3 |  4- 6 |  7- 9 || total
-------------------------+-------+-------+-------++-------
Melee: Long sword        |    71 |    83 |    33 ||   187
       Headbutt          |    14 |    14 |     7 ||    35
  Use: Scroll            |     4 |     2 |     2 ||     8
       Potion            |       |     4 |     4 ||     8
  Eat: Fruit             |     2 |     2 |       ||     4
       Bread ration      |       |     1 |       ||     1
Armor: Scale mail        |    32 |    35 |    13 ||    80
Dodge: Dodged            |    19 |    24 |    10 ||    53
Block: Shield            |    36 |    33 |    19 ||    88
       Rpst.: Long sword |     8 |     4 |     3 ||    15
